 Dungeon Crawl Stone Soup version 0.13.0-13-g27bfa31 (webtiles) character file.

2262 Malachi the Reanimator (level 8, 53/63 HPs)
             Began as a Deep Dwarf Necromancer on Oct 19, 2013.
             Was an Initiate of Makhleb.
             Drowned
             ... on Level 6 of the Dungeon.
             The game lasted 00:25:59 (7953 turns).

Malachi the Reanimator (Deep Dwarf Necromancer)     Turns: 7953, Time: 00:25:59

HP  53/63        AC 12     Str 16      XL: 8   Next: 94%
MP   9/21        EV  8     Int 17      God: Makhleb [......]
Gold 352         SH  0     Dex 15      Spells:  5 memorised,  9 levels left

Res.Fire  : . . .   See Invis. : .   p - +1 morningstar
Res.Cold  : + . .   Warding    : .   Q - +1 scale mail of a bazaar {Str+3 Dex+2}
Life Prot.: . . .   Conserve   : .   (no shield)
Res.Poison: .       Res.Corr.  : .   i - +0 helmet
Res.Elec. : .       Clarity    : .   W - +1 cloak
Sust.Abil.: . .     Spirit.Shd : .   u - +0 pair of orc gloves
Res.Mut.  : .       Stasis     : .   q - +0 pair of boots
Res.Rott. : .       Flight     : .   (no amulet)
Saprovore : . . .                    M - ring of flight
                                     y - ring of protection from cold

@: non-regenerating, somewhat resistant to hostile enchantments, extremely
unstealthy
A: damage resistance, recharge devices, sense surroundings 1, slow healing 3
a: Device Recharging, Renounce Religion, Evoke Flight


You were on level 6 of the Dungeon.
You worshipped Makhleb.
Makhleb was noncommittal.
You were near starving.

You visited 1 branch of the dungeon, and saw 6 of its levels.

You collected 332 gold pieces.

Inventory:

Hand weapons
 g - a +0,+3 short sword of protection
 j - a +0 blowgun
 k - a +5,+2 elven dagger of electrocution
 p - a +1,+1 morningstar (weapon)
Missiles
 o - 13 poisoned needles
 t - 5 needles of slowing
 w - 2 throwing nets (quivered)
Armour
 i - a +0 helmet (worn)
 q - a +0 pair of boots (worn)
 u - a +0 pair of orcish gloves (worn)
 Q - the +1 scale mail of a bazaar (worn) {Str+3 Dex+2}
   (You took it off a gnoll on level 6 of the Dungeon)

   It affects your strength (+3).
   It affects your dexterity (+2).
 U - the -1 leather armour "Criloere" {rC+ Int+3}
   (You took it off a goblin on level 6 of the Dungeon)

   It affects your intelligence (+3).
   It protects you from cold.
 W - a +1 cloak (worn)
Magical devices
 c - a wand of heal wounds (8)
 m - a wand of digging (0)
 r - a wand of digging (15)
 z - a wand of polymorph (1)
 C - a wand of disintegration (13)
Comestibles
 d - 3 bread rations
 V - a rotting chunk of goblin flesh
Scrolls
 f - 3 scrolls of enchant weapon II
 h - 4 scrolls of teleportation
 n - 5 scrolls of identify
 s - 4 scrolls of remove curse
 A - a scroll of curse armour
 B - 3 scrolls of blinking
 K - a scroll of fear
 L - a scroll of enchant armour {unknown}
 O - a scroll of magic mapping
Jewellery
 y - a ring of protection from cold (left hand)
 M - a ring of flight (right hand)
Potions
 l - a potion of curing
 v - 3 potions of slowing {unknown}
 x - a potion of berserk rage {unknown}
 E - a potion of might {unknown}
 F - a potion of resistance {unknown}
 H - a potion of magic
 I - 3 potions of heal wounds {unknown}
 J - a potion of flight {unknown}
 P - a potion of brilliance {unknown}
 S - a potion of porridge {unknown}
 T - a potion of cure mutation {unknown}
Books
 b - a book of Necromancy

   Spells                             Type                      Level
   *Pain                              Necromancy                   1
   *Animate Skeleton                  Necromancy                   1
   *Lethal Infusion                   Charms/Necromancy            2
   *Vampiric Draining                 Necromancy                   3
   Regeneration                       Charms/Necromancy            3
   *Animate Dead                      Necromancy                   4
   Control Undead                     Necromancy                   4
 G - a book of Wizardry

   Spells                             Type                      Level
   Summon Elemental                   Summoning                    4
   Agony                              Necromancy                   5
   Force Lance                        Conjuration                  5
   Fireball                           Conjuration/Fire             5
   Haste                              Charms                       6
   Invisibility                       Hexes                        6


   Skills:
 - Level 1.0 Fighting
 - Level 0.1 Short Blades
 * Level 2.7 Maces & Flails
 * Level 0.4 Armour
 - Level 2.1 Dodging
 - Level 2.4 Stealth
 * Level 6.8 Spellcasting
 * Level 9.3 Necromancy


You had 9 spell levels left.
You knew the following spells:

 Your Spells              Type           Power        Failure   Level  Hunger
a - Pain                  Necr           ####         1%          1    None
b - Vampiric Draining     Necr           #####.....   3%          3    ##.....
c - Animate Skeleton      Necr           N/A          1%          1    None
d - Animate Dead          Necr           N/A          12%         4    ####...
e - Lethal Infusion       Chrm/Necr      ###.......   14%         2    None


Dungeon Overview and Level Annotations

Branches:
Dungeon (6/27)
 Temple: D:4-7          Orc: D:6-11

Altars:
Cheibriados
Fedhas
Makhleb
Nemelex Xobeh
the Shining One


Innate Abilities, Weirdness & Mutations

You are resistant to damage.
You can recharge devices by infusing magical energy.
You passively map a small area around you.
You do not heal naturally.


Message History

You feel life coursing into your body. The big fish barely misses you.
The electric eel shoots out a bolt of electricity!
The bolt of electricity hits you!
The bolt of electricity hits your giant newt skeleton.
Your giant newt skeleton is destroyed!
Use which ability? (? or * to list)
You can't do that.
Casting: Vampiric Draining
Confirm with . or Enter, or press ? or * to list all spells.
Aiming: Vampiric Draining
Press: ? - help, Shift-Dir - straight line, f/p - electric eel
Aim: an electric eel (water, almost dead)
You kill the electric eel!
Makhleb accepts your kill.
You feel life coursing into your body.
The big fish bites you but does no damage.
The big fish bites you but does no damage.
You float gracefully downwards.
You fall into the water!
You drown...
You die...

.................................
........≈≈≈≈≈≈≈≈≈.....#######+#..
.......≈≈#######≈≈....#######.#..
...)..≈≈##≈≈≈≈≈##≈≈.......zz....>
....(≈≈##≈≈###≈≈##≈≈..##zzzzz....
.....≈##≈≈## ##≈≈##≈..##z####z###
.....≈#≈≈## ##;≈#≈..##z#..z.#
.....≈#z## ≈ ####≈#≈..##z#.##.#
.....≈#≈#≈ #≈≈@≈#≈..##z#z##.#
.....≈#≈##≈ #≈≈####≈####z#.##.#
#####≈#≈≈##≈≈≈##≈≈≈≈# #z#z##.#
≈##≈≈##≈##≈≈##≈# #z#z##.#
≈≈##≈z###≈≈##≈≈# #.#.z#.# ###
*#≈≈##≈≈≈≈≈##≈≈## #z##z#.# z.#
#.≈≈#######≈≈## #z##z#.#
#.####.#≈≈≈≈≈≈z≈≈## #.##.#(#
#..z...#.#.#.###########.##.#.#


There were no monsters in sight!

Vanquished Creatures
  2 ice beasts (D:6)
  4 ogres (D:4)
  Duvessa (D:4)
  2 centaurs (D:6)
  A giant frog (D:6)
  An agate snail (D:4)
  2 jellyfish (D:6)
  An electric eel (D:6)
  Dowan (D:4)
  4 hounds
  A jelly (D:5)
  A centaur skeleton (D:4)
  A crimson imp (D:4)
  Crazy Yiuf (D:6)
  2 orc priests
  5 orc wizards (D:4)
  A scorpion (D:5)
  A big fish (D:6)
  2 giant frog skeletons (D:6)
  5 worker ants
  Ijyb (D:6)
  Terence (D:2)
  9 adders
  3 gnolls (D:6)
  A giant mite (D:6)
  A worm (D:2)
  An iguana skeleton (D:5)
  A scorpion zombie (D:6)
  2 adder skeletons
  3 giant eyeballs
  3 giant geckos
  An ooze (D:6)
  18 orcs
  7 hobgoblins
  11 kobolds
  A quokka (D:3)
  13 bats
  5 giant cockroaches
  8 giant newts
  A giant newt skeleton (D:4)
  9 goblins
  A goblin skeleton (D:5)
  3 jackals (D:4)
  A jackal zombie (D:5)
  A kobold skeleton (D:4)
  A kobold zombie (D:5)
  An orc skeleton (D:4)
  An orc zombie (D:5)
  A quokka zombie (D:5)
  13 rats
162 creatures vanquished.

Vanquished Creatures (collateral kills)
  An adder (D:5)
  A worm (D:5)
  An orc (D:3)
  A hobgoblin (D:4)
  A kobold (D:5)
  A quokka (D:6)
  2 giant newts
  3 goblins (D:6)
  A rat (D:6)
12 creatures vanquished.

Vanquished Creatures (others)
  A hound skeleton (D:4)
  An adder skeleton (D:4)
  An elf skeleton (D:4)
  3 bat skeletons
  2 giant newt skeletons
  A hobgoblin skeleton (D:4)
  2 jackal skeletons (D:4)
  5 orc skeletons
  2 rat skeletons
18 creatures vanquished.

Grand Total: 192 creatures vanquished

Notes
Turn   | Place    | Note
--------------------------------------------------------------
     0 | D:1      | Malachi, the Deep Dwarf Necromancer, began the quest for the Orb.
     0 | D:1      | Reached XP level 1. HP: 15/15 MP: 3/3
   385 | D:1      | Reached XP level 2. HP: 1/22 MP: 2/4
  1064 | D:1      | Reached skill level 5 in Necromancy
  1179 | D:2      | Noticed Terence
  1353 | D:2      | Found a blossoming altar of Fedhas.
  1363 | D:2      | Reached XP level 3. HP: 10/28 MP: 0/6
  1593 | D:2      | Found a snail-covered altar of Cheibriados.
  2150 | D:2      | Learned a level 3 spell: Vampiric Draining
  2152 | D:2      | Learned a level 1 spell: Animate Skeleton
  2380 | D:2      | Killed Terence
  2380 | D:2      | Reached XP level 4. HP: 9/36 MP: 0/8
  3078 | D:3      | Found a glowing golden altar of the Shining One.
  3102 | D:3      | Reached XP level 5. HP: 29/42 MP: 7/10
  3412 | D:4      | Reached skill level 6 in Necromancy
  3689 | D:4      | Noticed an ogre
  3703 | D:4      | Reached XP level 6. HP: 40/49 MP: 7/13
  3796 | D:4      | Noticed Dowan
  3798 | D:4      | Noticed Duvessa
  3947 | D:4      | Killed Duvessa
  4061 | D:4      | Killed Dowan
  4145 | D:4      | Your ally Dowan died
  4149 | D:4      | Killed an ogre
  4643 | D:4      | Reached skill level 7 in Necromancy
  4643 | D:4      | Reached XP level 7. HP: 53/55 MP: 1/16
  4894 | D:4      | Noticed an ogre
  4905 | D:4      | Killed an ogre
  5154 | D:4      | Noticed an ogre
  5162 | D:4      | Killed an ogre
  5162 | D:4      | Reached skill level 5 in Spellcasting
  5475 | D:4      | Learned a level 4 spell: Animate Dead
  5534 | D:4      | Paralysed by a giant eyeball for 3 turns
  5552 | D:4      | Learned a level 2 spell: Lethal Infusion
  5554 | D:4      | Noticed an ogre
  5559 | D:4      | Killed an ogre
  5559 | D:4      | Reached skill level 1 in Maces & Flails
  5806 | D:4      | Found a snail-covered altar of Cheibriados.
  5852 | D:5      | Entered Level 5 of the Dungeon
  5861 | D:5      | Reached skill level 8 in Necromancy
  5861 | D:5      | Reached XP level 8. HP: 36/62 MP: 6/20
  6039 | D:5      | Got a shimmering robe
  6046 | D:5      | Identified the +2 robe "Nadodd" {Str+3} (You found it on level 5 of the Dungeon)
  6384 | D:5      | Found a sparkling altar of Nemelex Xobeh.
  6600 | D:5      | Found a burning altar of Makhleb.
  6616 | D:5      | Became a worshipper of Makhleb the Destroyer
  6760 | D:6      | Noticed Ijyb
  6780 | D:6      | Killed Ijyb
  6975 | D:6      | Paralysed by a giant eyeball for 3 turns
  6984 | D:6      | Paralysed by a giant eyeball for 3 turns
  6989 | D:6      | Paralysed by a giant eyeball for 3 turns
  7095 | D:6      | Reached skill level 1 in Fighting
  7368 | D:6      | Got a dazzling scale mail
  7369 | D:6      | Identified the +1 scale mail of a bazaar {Str+3 Dex+2} (You took it off a gnoll on level 6 of the Dungeon)
  7454 | D:6      | Reached skill level 9 in Necromancy
  7638 | D:6      | Got a bloodstained leather armour
  7659 | D:6      | Identified the cursed -1 leather armour "Criloere" {rC+ Int+3} (You took it off a goblin on level 6 of the Dungeon)
  7756 | D:6      | Noticed Crazy Yiuf
  7761 | D:6      | Killed Crazy Yiuf
  7953 | D:6      | Drowned

Action                   |  1- 3 |  4- 6 |  7- 9 || total
-------------------------+-------+-------+-------++-------
Melee: Mace              |    10 |       |       ||    10
       Short sword       |    10 |    96 |    58 ||   164
       Unarmed           |       |    10 |       ||    10
       Morningstar       |       |       |   164 ||   164
 Cast: Pain              |    61 |    31 |     5 ||    97
       Vampiric Draining |     2 |    55 |    71 ||   128
       Animate Skeleton  |     2 |    15 |    15 ||    32
       Animate Dead      |       |       |     7 ||     7
 Abil: Evoke Flight      |       |       |     1 ||     1
Evoke: Wand              |     1 |     3 |     2 ||     6
  Use: Potion            |     1 |     1 |       ||     2
       Scroll            |     9 |       |    11 ||    20
 Stab: Sleeping          |       |       |     3 ||     3
       Distracted        |       |       |     1 ||     1
